 Dungeon Crawl Stone Soup version 0.25-a0-317-g5f8687bca5 (webtiles) character file.

Game seed: 12204155690821039095, levelgen mode: classic

7 Gildeon the Sneak (level 2, 0/15 HPs)
             Began as a Kobold Enchanter on July 15, 2019.
             Slain by a leopard gecko (2 damage)
             ... on level 1 of the Dungeon on Dec 26, 2019.
             The game lasted 00:03:45 (354 turns).

Gildeon the Sneak (Kobold Enchanter)                 Turns: 354, Time: 00:03:46

Health: 0/15       AC:  2    Str:  5    XL:     2   Next: 5%
Magic:  5/5        EV: 15    Int: 16    God:
Gold:   8          SH:  0    Dex: 15    Spells: 4/5 levels left

rFire    . . .     SeeInvis .   a - +1 dagger
rCold    . . .     Gourm    .   (shield restricted)
rNeg     . . .     Faith    .   b - +0 robe
rPois    .         Spirit   .   (no helmet)
rElec    .         Reflect  .   (no cloak)
rCorr    .         Harm     .   (no gloves)
MR       .....                  (no boots)
Stlth    +++.......             (no amulet)
HPRegen  0.05/turn              (no ring)
MPRegen  0.09/turn              (no ring)

@: no status effects
A: small, carnivore
a: no special abilities


You were on level 1 of the Dungeon.
You were not hungry.

You visited 1 branch of the dungeon, and saw 1 of its levels.

You collected 8 gold pieces.

Inventory:

Hand Weapons
 a - a +1 dagger (weapon)
Armour
 b - a +0 robe (worn)
Scrolls
 c - a scroll of blinking {unknown}
Potions
 e - a potion of curing {unknown}
Comestibles
 d - 3 rations


   Skills:
 + Level 1.9 Short Blades
 + Level 2.7 Dodging
 + Level 4.3 Stealth
 - Level 2.1 Spellcasting
 - Level 3.0 Hexes


You had 4 spell levels left.
You knew the following spells:

 Your Spells              Type           Power        Failure   Level  Hunger
a - Corona                Hex            ##.....      6%          1    #......

Your spell library contained the following spells:

 Spells                   Type           Power        Failure   Level  Hunger
 Ensorcelled Hibernation  Hex/Ice        #.....       17%         2    ###....
 Confuse                  Hex            ##......     19%         3    ###....
 Tukima's Dance           Hex            ##......     19%         3    ###....
 Dazzling Flash           Conj/Hex       #.....       32%         3    ###....


Dungeon Overview and Level Annotations

Branches:
Dungeon (1/15)

Altars:


Innate Abilities, Weirdness & Mutations

You are small and have problems with some larger weapons.
You are carnivorous and can eat meat at any time.


Message History

The rat barely misses you. The leopard gecko barely misses you.
You hit the leopard gecko.
The leopard gecko is heavily wounded.
The bat closely misses you. The frilled lizard bites you. The rat bites you.
The leopard gecko bites you.
* * * LOW HITPOINT WARNING * * *
You hit the leopard gecko but do no damage.
The leopard gecko is heavily wounded.
The frilled lizard barely misses you. The leopard gecko barely misses you.
The rat misses you. The bat hits you but does no damage.
You completely miss the leopard gecko.
The leopard gecko is heavily wounded.
The bat misses you. The leopard gecko bites you.
* * * LOW HITPOINT WARNING * * *
The frilled lizard bites you but does no damage.
The rat closely misses you.
You barely miss the leopard gecko.
The leopard gecko is heavily wounded.
The leopard gecko bites you.
You die...

.......# ......!
# ### ...... #
...####.... #
.......... #
.........# #
.......b.+ #
.$....l@.#
#######
##.....rl#
###.....)
#.....>.#
##...#####
#######.#
###..####### #.#
##...#####...
#.###..### #...#.
#..#..######.....
##...##...#....#.
#..####......#..


You could see a leopard gecko, a bat, a frilled lizard and a rat.

Vanquished Creatures
  A ball python (D:1)
  2 kobolds (D:1)
  A bat (D:1)
  A frilled lizard (D:1)
  3 rats (D:1)
8 creatures vanquished.

Notes
Turn   | Place    | Note
-------+----------+-------------------------------------------
     0 | D:1      | Gildeon the Kobold Enchanter began the quest for the Orb.
     0 | D:1      | Reached XP level 1. HP: 10/10 MP: 3/3
   235 | D:1      | Upgraded the game from 0.24-a0-500-g46574c2197 to
                  | 0.24-a0-520-g8fd06ad0bc
   279 | D:1      | Reached XP level 2. HP: 14/15 MP: 5/5
   329 | D:1      | Upgraded the game from 0.24-a0-520-g8fd06ad0bc to
                  | 0.25-a0-317-g5f8687bca5
   354 | D:1      | Slain by a leopard gecko

Levels and vault maps discovered:
D:1:      arrival_zaba_pyramid, layout_basic, minivault_23

Action                   || total
-------------------------++-------
Melee: Dagger            ||    28
 Stab: Sleeping          ||     2
  Eat: Chunk             ||     2
Armor: Robe              ||    10
Dodge: Dodged            ||    35

Table legend:
 A = Non-vault XP
 B = Vault XP
 C = Vault XP percentage of total XP
 D = Non-vault monster count
 E = Vault monster count
 F = Vault count percentage of total count
                 A         B        C        D         E       F
            +---------+---------+-------+---------+---------+-------
      Total |      10 |       0 |   0.0 |       8 |       0 |   0.0
            +---------+---------+-------+---------+---------+-------
        D:1 |      10 |       0 |   0.0 |       8 |       0 |   0.0
            +---------+---------+-------+---------+---------+-------
